 Dungeon Crawl Stone Soup version 0.13.0-29-gdb529de (webtiles) character file.

222 Grandi the Magician (level 5, -1/33 HPs)
             Began as a Human Wizard on Nov 5, 2013.
             Slain by an orc
             ... wielding a -1,+0 orcish flail
              (4 damage)
             ... while paralysed by Grinder
             ... on Level 4 of the Dungeon.
             The game lasted 00:21:43 (3338 turns).

Grandi the Magician (Human Wizard)                  Turns: 3338, Time: 00:21:44

HP  -1/33        AC  2     Str  8      XL: 5   Next: 30%
MP   0/14        EV  2     Int 19      God:
Gold 97          SH  0     Dex 11      Spells:  5 memorised,  1 level left

Res.Fire  : . . .   See Invis. : .   e - +0 elf short sword
Res.Cold  : . . .   Warding    : .   a - +0 robe
Life Prot.: + . .   Conserve   : +   (no shield)
Res.Poison: .       Res.Corr.  : .   b - +0 wizard hat
Res.Elec. : .       Clarity    : .   (no cloak)
Sust.Abil.: . .     Spirit.Shd : .   (no gloves)
Res.Mut.  : .       Stasis     : .   (no boots)
Res.Rott. : .       Flight     : .   j - amulet of conservation {unknown}
Saprovore : . . .                    (no ring)
                                     g - ring of positive energy {unknown}

@: paralysed, slightly resistant to hostile enchantments, fairly stealthy
A: no striking features
a: no special abilities


You were on level 4 of the Dungeon.
You were near starving.

You visited 1 branch of the dungeon, and saw 4 of its levels.

You collected 77 gold pieces.

Inventory:

Hand weapons
 e - a +0,+0 elven short sword (weapon)
 f - a +1,+1 elven dagger (quivered)
 r - a +0,+0 quarterstaff
 u - a +0,+0 quarterstaff
Missiles
 i - 45 darts
Armour
 a - a +0 robe (worn)
 b - a +0 wizard hat (worn)
 s - a +0 leather armour
Magical devices
 t - a wand of enslavement (14) {unknown}
Comestibles
 d - a bread ration
 k - a meat ration
Scrolls
 h - 7 scrolls of identify {unknown}
 l - a scroll of recharging {unknown}
 n - 2 scrolls of curse jewellery {unknown}
 o - a scroll of noise {unknown}
 p - a scroll of enchant weapon II {unknown}
 v - 2 scrolls of curse weapon {unknown}
Jewellery
 g - a ring of positive energy (left hand) {unknown}
 j - an amulet of conservation (around neck) {unknown}
Books
 c - a book of Minor Magic

   Spells                             Type                      Level
   *Magic Dart                        Conjuration                  1
   *Blink                             Translocation                2
   *Call Imp                          Summoning                    2
   Repel Missiles                     Charms/Air                   2
   Slow                               Hexes                        2
   *Conjure Flame                     Conjuration/Fire             3
   *Mephitic Cloud                    Conjuration/Poison/Air       3


   Skills:
 + Level 2.2 Dodging
 + Level 2.7 Stealth
 + Level 4.1 Spellcasting
 + Level 2.1 Conjurations
 + Level 1.9 Summonings
 + Level 1.1 Translocations
 + Level 0.2 Poison Magic


You had one spell level left.
You knew the following spells:

 Your Spells              Type           Power        Failure   Level  Hunger
a - Magic Dart            Conj           ##..         8%          1    None
b - Blink                 Tloc           N/A          14%         2    #......
c - Call Imp              Summ           ##........   12%         2    #......
d - Mephitic Cloud        Conj/Pois/Air  #.......     34%         3    ###....
e - Conjure Flame         Conj/Fire      #.......     28%         3    ###....


Dungeon Overview and Level Annotations

Branches:
Dungeon (4/27)
 Temple: D:4-7

Altars:
Okawaru

Annotations:
D:4 Grinder


Message History

The bat completely misses your white imp.
It hits you!
* * * LOW HITPOINT WARNING * * *
Grinder misses your white imp.
Your white imp gestures at the bat.
The puff of frost hits the bat.
The bat dies!
Your crimson imp hits Grinder but does no damage.
Drink which item? (? for menu, Esc to quit)
You feel better.
It was a potion of curing.
It hits you!
* * * LOW HITPOINT WARNING * * *
Deactivating autopickup; reactivate with Ctrl-A.
Grinder hits your white imp!
Your white imp dies!
Your crimson imp hits Grinder.
You aren't carrying any potions.
Grinder gestures at you.
You suddenly lose the ability to move!
Your crimson imp barely misses Grinder.
It hits you.
You die...

#......# #.# #......# #5#
#......# #5# #......# +5#
#......# #.# #####......+
#.# ............# #.#
..........{.#######.#
.......5...@........#
.......5.......)...########
.....$.########......55....
#####..#..(...#.......###.)
#..#......#.......# ##.
#..#......#......## ##
#######..#......#.....## #
..........+......'...###
...........#......#...#


You could see Grinder and a friendly crimson imp.

Vanquished Creatures
  An adder (D:2)
  A giant mite (D:2)
  A giant gecko (D:3)
  4 orcs
  A giant cockroach (D:3)
  9 goblins
  7 hobgoblins
  7 kobolds
  A quokka (D:3)
  A ball python (D:2)
  13 bats
  2 giant newts
  4 rats
52 creatures vanquished.

Vanquished Creatures (collateral kills)
  3 adders
  4 gnolls (D:2)
  A giant mite (D:2)
  A worm (D:2)
  An ooze (D:2)
  An orc (D:4)
  2 giant cockroaches
  A kobold (D:3)
  A bat (D:4)
15 creatures vanquished.

Vanquished Creatures (others)
  3 shadow imps (D:2)
  2 white imps (D:4)
5 creatures vanquished.

Grand Total: 72 creatures vanquished

Notes
Turn   | Place    | Note
--------------------------------------------------------------
     0 | D:1      | Grandi, the Human Wizard, began the quest for the Orb.
     0 | D:1      | Reached XP level 1. HP: 11/11 MP: 5/5
   312 | D:1      | Reached XP level 2. HP: 17/17 MP: 4/7
   316 | D:1      | Learned a level 2 spell: Blink
   319 | D:1      | Learned a level 2 spell: Call Imp
  1062 | D:1      | Reached XP level 3. HP: 22/22 MP: 5/9
  1067 | D:1      | Learned a level 3 spell: Mephitic Cloud
  1588 | D:2      | Reached XP level 4. HP: 12/28 MP: 1/11
  2349 | D:3      | Reached XP level 5. HP: 33/33 MP: 5/13
  2441 | D:3      | Reached skill level 4 in Spellcasting
  2481 | D:3      | Learned a level 3 spell: Conjure Flame
  3085 | D:4      | Found an iron altar of Okawaru.
  3239 | D:4      | Noticed Grinder
  3242 | D:4      | Paralysed by Grinder for 5 turns
  3290 | D:4      | Paralysed by Grinder for 3 turns
  3327 | D:4      | Paralysed by Grinder for 4 turns
  3335 | D:4      | HP: 1/33 [something (14)]
  3337 | D:4      | Paralysed by Grinder for 4 turns
  3338 | D:4      | Slain by an orc

Action                   |  1- 3 |  4- 6 || total
-------------------------+-------+-------++-------
Melee: Short sword       |     5 |     9 ||    14
 Cast: Magic Dart        |    54 |    63 ||   117
       Call Imp          |    10 |    18 ||    28
       Blink             |     2 |     1 ||     3
       Mephitic Cloud    |     1 |     2 ||     3
  Use: Potion            |       |     1 ||     1
